 Dungeon Crawl Stone Soup version 0.31.0-12-g77e489cdc1 (webtiles) character file.

Game seed: 8589643380434147560

3457 Ashen the Ruffian (level 9, 0/89 HPs)
             Began as a Troll Shapeshifter on Feb 11, 2024.
             Was a Believer of Wu Jian.
             Slain by a vampire
             ... wielding a +0 vampiric halberd
              (3 damage)
             ... in a bailey.
             The game lasted 00:10:53 (5110 turns).

Ashen the Ruffian (Troll Shapeshifter)              Turns: 5110, Time: 00:10:53

Health: 0/89       AC:  4    Str: 24    XL:     9   Next: 78%
Magic:  8/8        EV: 13    Int:  6    God:    Wu Jian [**....]
Gold:   664        SH:  0    Dex: 19    Spells: 8/8 levels left

rFire   . .          .
                       - Unarmed
rCold   . . .        (no shield)
rNeg    . . .        a - +0 animal skin
rPois   .            (helmet currently unavailable)
rElec   .            (cloak currently unavailable)
rCorr   .            (gloves unavailable)
SInv    .            (boots unavailable)
Will    .....        s - amulet of the acrobat
Stlth   ++           q - +6 ring of dexterity
HPRegen 1.14/turn    (no ring)
MPRegen 0.11/turn

%: acrobat
@: beast-form
A: beast (slay +4), large, unfitting armour, claws 3, regeneration 1, shaggy fur
1, tough skin 1
a: Begin Untransformation, Renounce Religion, Wall Jump


You were in a bailey.
You worshipped Wu Jian.
Wu Jian was pleased with you.
You were a hulking beast.
You visited 2 branches of the dungeon, and saw 8 of its levels.
You also visited: Ossuary and Bailey.

You collected 664 gold pieces.

Inventory:

Missiles
 b - a throwing net (quivered)
Armour
 a - a +0 animal skin (worn)
 i - a +0 cloak
Jewellery
 q - a +6 ring of dexterity (left claw)
 s - an amulet of the acrobat (around neck)
Talismans
 c - a beast talisman
 d - a flux talisman
Wands
 D - a wand of paralysis (8)
 F - a wand of flame (22)
 H - a wand of iceblast (10)
Scrolls
 f - 2 scrolls of noise {unknown}
 g - 2 scrolls of enchant weapon {unknown}
 h - 5 scrolls of identify {unknown}
 j - 2 scrolls of enchant armour {unknown}
 m - 8 scrolls of teleportation {unknown}
 n - 2 scrolls of revelation {unknown}
 p - 2 scrolls of fog {unknown}
 r - 2 scrolls of torment {unknown}
 t - 2 scrolls of acquirement {unknown}
 u - 3 scrolls of amnesia {unknown}
 v - a scroll of immolation {unknown}
 y - a scroll of brand weapon {unknown}
 E - a scroll of blinking {unknown}
Potions
 e - 2 potions of invisibility {unknown}
 l - a potion of mutation {unknown}
 o - 2 potions of haste {unknown}
 w - 3 potions of brilliance {unknown}
 x - a potion of curing {unknown}
 z - 4 potions of degeneration {unknown}
 A - 2 potions of enlightenment {unknown}
 B - a potion of resistance {unknown}
 C - a potion of might {unknown}
 G - a potion of attraction {unknown}


   Skills:
 + Level 5.8 Fighting
 + Level 6.0 Dodging
 + Level 7.6 Unarmed Combat
 + Level 7.1 Shapeshifting


You had 8 spell levels left.
You didn't know any spells.
Your spell library contained the following spells:

 Spells                   Type           Power      Damage    Failure   Level
 Shock                    Conj/Air       0%         1d3       45%         1
 Swiftness                Air            0%         N/A       83%         3
 Tukima's Dance           Hex            0%         N/A       83%         3
 Airstrike                Air            0%         2d(0-16)  99%         4
 Dimensional Bullseye     Hex/Tloc       0%         N/A       99%         4
 Ignite Poison            Fire/Alch      0%         N/A       99%         4
 Iskenderun's Mystic Bla  Conj/Tloc      0%         2d3       99%         4
 Passage of Golubria      Tloc           0%         N/A       99%         4
 Sticky Flame             Fire/Alch      0%         2d4       99%         4
 Silence                  Hex/Air        0%         N/A       100%        5
 Ignition                 Fire           0%         3d3       100%        8
 Lehudib's Crystal Spear  Conj/Erth      0%         10d2      100%        8


Dungeon Overview and Level Annotations

Branches:
Dungeon (7/15)             Temple (1/1) D:4         Ossuary (visited)
 Bailey (1/1)

Altars:
Ashenzari
Cheibriados
Elyvilon
Fedhas
Gozag
Hepliaklqana
Kikubaaqudgha
Makhleb
Nemelex Xobeh
Okawaru
Qazlal
Ru
Sif Muna
Trog
Uskayaw
Vehumet
Wu Jian
Xom
Yredelemnul
Zin
The Shining One

Shops:
D:5 [


Innate Abilities, Weirdness & Mutations

You are a hulking beast.
Your limbs bulge with bestial killing power. (Slay +4)
You are too large for most types of armour.
You have claws for hands.
Your natural rate of healing is unusually fast.
You are covered in fur. (AC +1)
You have tough skin. (AC +1)


Message History

Okay, then.
It was a potion of heal wounds.
You feel much better. Something barely misses you. Something bites you!
Something draws strength from your injuries!
You feel much better. Something completely misses you. Something bites you.
Something draws strength from your injuries!
You scratch something but do no damage. Something hits you.
Something bites you!
Something draws strength from your injuries!
You claw something! You miss something. Something hits you!
Something bites you but does no damage.
You miss something. Something barely misses you. Something bites you!
* * * LOW HITPOINT WARNING * * *
Something draws strength from your injuries!
You feel much better. Something hits you!
Something bites you but does no damage.
You feel much better. Something barely misses you. Something bites you!
Something draws strength from your injuries!
You miss something. You claw something. Something hits you!
Something bites you.
Something draws strength from your injuries!
You closely miss something. Something hits you. Something bites you!
* * * LOW HITPOINT WARNING * * *
Something draws strength from your injuries!
Okay, then.
You closely miss something. You claw something. Something hits you!
* * * LOW HITPOINT WARNING * * *
Something bites you.
* * * LOW HITPOINT WARNING * * *
Something draws strength from your injuries!
You miss something. Something barely misses you.
Something bites you but does no damage.
You scratch something but do no damage. You scratch something but do no damage.
Something hits you!
* * * LOW HITPOINT WARNING * * *
Something bites you.
* * * LOW HITPOINT WARNING * * *
Something draws strength from your injuries!
You claw something! Something hits you.
You die...

##[ }## #8. ..# #..
..# ##########..# #..#
#.......8#...##...#
#8.).....##......#
#######...##....#
#8....##...##''###
#+#......#.....{h..#
..#...............8#
..#...#....#########
..'...##..##.....8#
..'....####.......#
..####...#........#
..#..#...........#####
#'#..#.....♣.....#...#
#....#....♣...♣..#÷÷.#


There were no monsters in sight!

Vanquished Creatures
  A gargoyle (Bailey)
  Grinder (D:3)
  3 water moccasins
  A black bear (D:6)
  An ice beast (D:6)
  2 sky beasts
  An ogre (D:5)
  A centaur (D:6)
  3 kobold brigands (D:7)
  A gnoll sergeant (D:6)
  2 scorpions
  A bullfrog (D:7)
  8 vampire bats (Bailey)
  5 wolf zombies (Bailey)
  A howler monkey (D:6)
  3 bombardier beetles
  3 jellies
  2 orc priests (D:7)
  4 hounds
  Terence (D:2)
  3 iguanas
  A sleepcap (D:7)
  Ijyb (D:5)
  7 orc wizards
  8 mummies (Ossuary)
  5 adders
  9 gnolls
  2 white imps
  A dart slug (D:4)
  3 ribbon worms
  15 orcs
  4 endoplasms
  5 giant cockroaches
  9 goblins
  7 hobgoblins
  6 jackals
  5 quokkas (D:1)
  3 ball pythons
  4 bats
  5 frilled lizards
  2 hobgoblin zombies (Ossuary)
  21 kobolds
  4 kobold zombies (Ossuary)
  22 orc zombies
  4 rats
201 creatures vanquished.

Notes
Turn   | Place    | Note
-------+----------+-------------------------------------------
     0 | D:1      | Ashen the Troll Shapeshifter began the quest for the Orb.
     0 | D:1      | Reached XP level 1. HP: 18/18 MP: 0/0
   200 | D:1      | Reached skill level 1 in Fighting
   286 | D:1      | Reached XP level 2. HP: 27/27 MP: 1/1
  1012 | D:2      | Reached XP level 3. HP: 33/33 MP: 2/2
  1068 | D:2      | Found a basalt altar of Yredelemnul.
  1327 | D:2      | Noticed Terence
  1362 | D:2      | Killed Terence
  1363 | D:2      | Reached XP level 4. HP: 31/41 MP: 3/3
  1606 | D:3      | Found a shimmering blue altar of Sif Muna.
  1651 | D:3      | Noticed Grinder
  1657 | D:3      | Paralysed by Grinder for 4 turns
  1670 | D:3      | Killed Grinder
  1671 | D:3      | Reached XP level 5. HP: 46/50 MP: 4/4
  1671 | D:3      | Reached XP level 6. HP: 55/59 MP: 5/5
  2249 | D:4      | Reached XP level 7. HP: 60/67 MP: 6/6
  2260 | D:4      | Found a sand-covered staircase.
  2270 | Ossuary  | Entered an ossuary
  2540 | D:4      | Found a staircase to the Ecumenical Temple.
  2579 | Temple   | Entered the Ecumenical Temple
  2592 | Temple   | Became a worshipper of the Wu Jian Council
  2642 | D:4      | Reached skill level 5 in Unarmed Combat
  2843 | D:5      | Entered Level 5 of the Dungeon
  2847 | D:5      | Noticed Ijyb
  2852 | D:5      | Killed Ijyb
  2898 | D:5      | Reached skill level 5 in Shapeshifting
  3107 | D:5      | Found Akoaho's Antique Armour Shoppe.
  3551 | D:6      | Found a sacrificial altar of Ru.
  3564 | D:6      | Reached XP level 8. HP: 68/78 MP: 7/7
  3929 | D:6      | Reached * piety under Wu Jian
  4111 | D:7      | HP: 5/118 [water moccasin (7)]
  4112 | D:7      | HP: 2/118 [kobold/+0 short sword (3)]
  4113 | D:7      | Reached skill level 5 in Dodging
  4117 | D:7      | HP: 2/118 [poisoned by a water moccasin]
  4229 | D:7      | Reached XP level 9. HP: 43/87 MP: 8/8
  4393 | D:7      | Reached skill level 5 in Fighting
  4648 | D:7      | Reached ** piety under Wu Jian
  4698 | D:7      | Found a flagged portal.
  4707 | Bailey   | Entered a bailey
  5011 | Bailey   | Noticed a gargoyle
  5021 | Bailey   | Killed a gargoyle
  5109 | Bailey   | HP: 3/89 [something (8)]
  5110 | Bailey   | Slain by a vampire

Illustrated notes

Levels and vault maps discovered:
D:1:      dpeg_arrival_castle, layout_loops_corners
D:2:      layout_loops_cross, basic_altar, uniq_terence
D:3:      layout_rooms, mainiacjoe_overflow_alcove_2, uniq_grinder
D:4:      layout_basic, temple_pool_b, nicolae_ossuary_entry_ruins,
          serial_bayou_lagoon_a, minmay_misc_feat_room
D:5:      layout_loops_ring, serial_shops, nicolae_shop_statue_plus,
          minmay_crossroads, uniq_ijyb
D:6:      layout_rooms, mainiacjoe_overflow_catwalk
D:7:      layout_basic, enter_bailey_6, uniq_maggie
Temple:   nicolae_temple_bog_church
Bailey:   bailey_polearm_vampire_castle_hellmonk, bailey

Skill      XL: |  1  2  3  4  5  6  7  8  9 |
---------------+----------------------------+-----
Fighting       | 1 2 3 4 5 |  5.8
Dodging        | 2 3 4 5 6 |  6.0
Unarmed Combat | 4 5 6 7 |  7.6
Shapeshifting  | 4 5 6 7 |  7.1

Action                     |  1- 3 |  4- 6 |  7- 9 || total
---------------------------+-------+-------+-------++-------
  Melee: Unarmed           |    76 |   104 |   365 ||   545
         Punch             |       |     2 |    16 ||    18
Ability: Lunge             |       |       |    21 ||    21
         Whirlwind         |       |       |     9 ||     9
    Use: Potion            |       |       |     5 ||     5
   Stab: Sleeping          |       |     1 |     3 ||     4
 Armour: Animal skin       |    48 |    48 |   270 ||   366
         Skin              |       |       |    47 ||    47
  Dodge: Dodged            |    32 |    37 |   245 ||   314
